Map: Ruins of Seras

Players

CaptRaynor

  • Race: Terran Terran
  • League: Grandmaster

BEERME - Winner!

  • Race: Zerg Zerg

VOD

Have the link to the VOD?

Description

Time

  • Played on: Aug. 10, 2015, 8:19 p.m.
  • Length: 9:55
Show
View Real Time Build Order
Export as new Build Order

CaptRaynor Terran 

Build Orders: Command Center First (CC) 

Get SALT Encoding   

  12  0:03  SCV  
  13  0:18  SCV  
  13  0:19  Supply Depot  
  14  0:30  SCV  
  15  0:47  SCV  
  16  1:03  SCV  
  17  1:05  Command Center  
  17  1:16  SCV  
  18  1:28  SCV, Barracks  
  19  1:40  SCV, Refinery  
  20  1:52  SCV  
  21  2:04  SCV  
  22  2:18  Supply Depot  
  24  2:26  Orbital Command x2  
  22  2:32  Refinery  
  22  2:37  Barracks Reactor  
  22  2:53  SCV x2  
  24  3:11  SCV  
  24  3:12  SCV  
  26  3:15  Supply Depot  
  26  3:17  Factory  
  26  3:19  Marine x2  
  28  3:25  SCV x2  
  27  3:44  Marine x2  
  28  4:00  Supply Depot  
  28  4:02  Factory Reactor  
  28  4:06  Marine x2  
  28  4:07  Starport  
  28  4:09  Orbital Command  
  30  4:25  Barracks, Marine  
  30  4:26  Marine  
  30  4:55  Marine x2  
  29  5:00  Hellion x2, Starport Reactor  
  29  5:05  SCV  
  30  5:13  Barracks Reactor  
  30  5:15  Marine x2  
  30  5:17  SCV  
  33  5:21  Armory  
  33  5:22  Hellion x2  
  33  5:25  Orbital Command  
  37  5:29  SCV  
  38  5:36  Marine x2  
  38  5:39  Medivac  
  38  5:41  SCV  
  43  5:43  Medivac  
  45  5:53  SCV, Reaper  
  45  5:56  Marine  
  48  5:58  Marine x2  
  50  6:16  Medivac  
  52  6:35  Liberator  
  52  6:39  Orbital Command  
  52  6:40  Marine x2  
  57  7:05  Marine x2  
  59  7:09  Hellbat  
  61  7:16  Hellbat  
  50  8:02  Orbital Command  
  45  8:14  Marine x2  
  47  8:20  Command Center  
  47  8:21  Widow Mine x2  
  51  8:36  Starport  
  51  8:37  Marine x2  
  51  8:38  Marine x2  
  54  8:43  SCV x2  
  54  9:04  Refinery  
  30  9:26  Marine  
  30  9:27  Marine  
Show
View Real Time Build Order
Export as new Build Order

BEERME Zerg - Winner!

Build Orders: Hatch First 

Get SALT Encoding   

  12  0:01  Drone  
  13  0:09  Drone  
  14  0:36  Hatchery  
  14  0:40  Drone  
  14  1:01  Spawning Pool  
  13  1:06  Overlord  
  13  1:12  Drone  
  14  1:19  Drone, Extractor  
  14  1:25  Drone  
  15  1:29  Drone  
  16  1:46  Drone  
  17  1:51  Drone  
  17  1:52  Drone  
  17  1:54  Queen  
  21  2:28  Zergling x8  
  21  2:29  Zergling x4  
  27  2:40  Queen  
  27  2:42  Extractor  
  27  2:53  Drone  
  27  2:54  Roach Warren, Overlord  
  27  3:02  Overlord  
  27  3:11  Drone  
  28  3:13  Drone x2  
  28  3:14  Drone x2  
  32  3:20  Drone  
  32  3:23  Drone  
  34  3:41  Zergling x6  
  34  3:42  Zergling x4  
  39  3:51  Zergling x8  
  42  3:55  Drone  
  42  3:58  Overlord  
  43  4:05  Overlord  
  43  4:08  Extractor  
  42  4:12  Metabolic Boost  
  42  4:14  Overlord  
  42  4:18  Drone  
  42  4:19  Drone  
  42  4:21  Drone  
  42  4:23  Drone  
  46  4:28  Drone x2  
  46  4:30  Drone  
  48  4:49  Zergling x10  
  48  4:50  Zergling x4  
  55  5:05  Drone x6  
  55  5:06  Drone x3  
  64  5:11  Overlord  
  64  5:19  Lair  
  64  5:24  Spore Crawler  
  64  5:26  Pneumatized Carapace, Extractor  
  62  5:47  Roach x2  
  62  5:48  Roach x4  
  74  5:52  Spore Crawler  
  73  5:57  Spore Crawler  
  73  6:04  Spore Crawler  
  71  6:35  Spire  
  71  6:38  Hydralisk Den  
  71  6:39  Overlord x2  
  69  6:40  Glial Reconstitution  
  69  7:01  Hatchery, Overlord  
  68  7:07  Overseer  
  68  7:08  Hydralisk x2  
  68  7:09  Hydralisk x2  
  76  7:16  Hatchery  
  75  7:25  Drone  
  76  7:31  Roach x7  
  76  7:32  Roach  
  78  8:03  Roach x8  
  92  8:06  Queen  
  94  8:15  Drone x6  
  100  8:40  Overlord  
  100  8:41  Overlord, Queen  
  100  8:54  Overlord x2  
  90  9:08  Roach x5  
  90  9:09  Roach x2  
  94  9:15  Roach x2  
  98  9:20  Hydralisk  
  100  9:34  Extractor  
  100  9:36  Extractor  
Tags
 
Add a new tag
Caveats
  • Supply blocks, unpowered buildings, or Contaminate may cause inaccurate times.
  • Supply counts are checked every 10 seconds.